 Dungeon Crawl Stone Soup version 0.23.2-40-g277498a001 (webtiles) character file.

Game seed: 1781888909386858588

2700 FishyPogo the Changer (level 9, -3/74 HPs)
             Began as a Red Draconian Transmuter on Aug 29, 2019.
             Was a Follower of Vehumet.
             Slain by a wolf (8 damage)
             ... led by Grum
             ... on level 8 of the Dungeon.
             The game lasted 00:39:13 (7428 turns).

FishyPogo the Changer (Red Draconian Transmuter)    Turns: 7428, Time: 00:39:13

Health: -3/74      AC: 11    Str: 18    XL:     9   Next: 38%
Magic:  13/13      EV: 18    Int: 15    God:    Vehumet [*.....]
Gold:   436        SH:  0    Dex: 13    Spells: 3/13 levels left

rFire    + . .     SeeInvis .     - Unarmed
rCold    . . .     Gourm    .   (no shield)
rNeg     . . .     Faith    .   (armour unavailable)
rPois    .         Spirit   .   (helmet restricted)
rElec    .         Reflect  .   C - +1 cloak
rCorr    .         Harm     .   y - +1 pair of gloves (curse)
MR       .....                  (no boots)
Stlth    +.........             (no amulet)
HPRegen  0.22/turn              q - +3 ring of evasion
MPRegen  0.13/turn              (no ring)

@: mighty, appendage (expiring), very slightly contaminated, invisible
A: breathe fire, unfitting armour, horns 2, fire resistance 1, cold-blooded, AC
+7
a: Breathe Fire, End Transformation, Renounce Religion


You were on level 8 of the Dungeon.
You worshipped Vehumet.
Vehumet was aware of your devotion.
You were hungry.
You had grown temporary horns.
You visited 1 branch of the dungeon, and saw 8 of its levels.

You collected 436 gold pieces.

Inventory:

Hand Weapons
 b - a +1 hunting sling of flaming
 m - a +0 blowgun
 p - a +2 vampiric lajatang
Missiles
 a - 157 arrows
 j - 172 stones
 n - 36 sling bullets
 r - 8 tomahawks (quivered)
 u - 3 javelins
 E - 2 throwing nets
Armour
 y - a cursed +1 pair of gloves (worn)
 C - a +1 cloak (worn)
Jewellery
 q - a +3 ring of evasion (left hand)
 A - an uncursed ring of ice {unknown}
Scrolls
 d - a scroll of immolation {unknown}
 f - 10 scrolls of identify
 h - a scroll of amnesia {unknown}
 i - 3 scrolls of teleportation
 l - a scroll of fog {unknown}
 s - 2 scrolls of enchant weapon {unknown}
 t - a scroll of noise
 v - 3 scrolls of remove curse {unknown}
 w - a scroll of silence {unknown}
Potions
 e - 2 potions of flight
 g - 3 potions of agility
 k - a potion of curing
 o - 2 potions of brilliance
 z - a potion of berserk rage {unknown}
 D - a potion of might
 F - a potion of haste
Comestibles
 c - 23 rations
 B - 7 chunks of flesh


   Skills:
 + Level 5.2 Fighting
 - Level 2.0 Slings
 * Level 5.4 Dodging
 + Level 5.8 Unarmed Combat
 + Level 2.8 Spellcasting
 * Level 7.2 Transmutations
 * Level 4.8 Poison Magic


You had 3 spell levels left.
You knew the following spells:

 Your Spells              Type           Power        Failure   Level  Hunger
d - Beastly Appendage     Tmut           ###...       1%          1    #......
e - Spider Form           Tmut/Pois      ###.......   5%          3    ###....
f - Sticks to Snakes      Tmut           ###.....     1%          2    ##.....
g - Ice Form              Ice/Tmut       ##......     43%         4    #####..

Your spell library contained the following spells:

 Spells                   Type           Power        Failure   Level  Hunger
 Freeze                   Ice            #...         21%         1    #......
 Blade Hands              Tmut           ###.......   28%         5    ######.
 Haunt                    Necr/Summ      #.........   100%        7    #######
 Borgnjor's Revivificati  Necr           #.........   100%        8    #######
 Death's Door             Chrm/Necr      #.........   100%        8    #######
 Infestation              Necr           #.........   100%        8    #######
 Necromutation            Tmut/Necr      ##........   100%        8    #######


Dungeon Overview and Level Annotations

Branches:
Dungeon (8/15)             Temple (0/1) D:6            Lair (0/6) D:8

Altars:
Fedhas
Kikubaaqudgha
Okawaru
Trog
Uskayaw
Vehumet
Yredelemnul
The Shining One

Shops:
D:5 }


Innate Abilities, Weirdness & Mutations

You can breathe blasts of fire.
Your fiery red scales are hard. (AC +7)
You cannot fit into any form of body armour.
Your flesh is heat resistant. (rF+)
You are cold-blooded and may be slowed by cold attacks.
You have a pair of horns on your head.


Message History

You hit the wolf.
The wolf is heavily wounded.
The wolf closely misses you.
You miss the wolf. You headbutt the wolf!
The wolf is almost dead.
The wolf barely misses you. The wolf misses you.
You barely miss the wolf. You headbutt the wolf.
You kill the wolf!
Vehumet accepts your kill.
You feel your power returning. The wolf bites you but does no damage.
It was a potion of invisibility.
You fade into invisibility!
The wolf completely misses you.
You are very lightly contaminated with residual magic.
You barely miss the wolf.
Your transformation is almost over.
The wolf bites you!
* * * LOW HITPOINT WARNING * * *
The wolf bites you!
You die...

## #.# .# #.# .# #.## .# #).#
.# #..# .########+####
###..#######. .............###
#............
...............###.......#####
.............#..@h.......#
.........#...#####.......#
##########.....# #.......#
#...#.#######.### #####..#
#... #.)......# #....
########## ....# .[.#


You could see a wolf.

Vanquished Creatures
  A hippogriff (D:7)
  Grum (D:8)
  An orc warrior (D:7)
  An ice beast (D:7)
  2 black bears
  3 centaurs
  3 wolves (D:8)
  An ogre (D:7)
  A big kobold (D:7)
  2 scorpions
  3 killer bees (D:8)
  3 howler monkeys (D:8)
  2 crimson imps (D:5)
  3 hounds
  2 jellies (D:5)
  A bullfrog zombie (D:8)
  5 orc priests
  8 orc wizards
  A centaur skeleton (D:6)
  2 iguanas (D:7)
  6 worker ants
  5 gnolls
  A worker ant zombie (D:5)
  4 adders
  2 oozes
  An adder skeleton (D:4)
  A dart slug (D:1)
  3 leopard geckos
  17 orcs
  A ball python (D:4)
  7 bats
  3 giant cockroaches (D:6)
  5 goblins
  7 hobgoblins
  5 jackals
  8 kobolds
  4 frilled lizards
  A jackal skeleton (D:5)
  A quokka skeleton (D:4)
  A quokka zombie (D:7)
  9 rats
  A spectral orc (D:2)
139 creatures vanquished.

Notes
Turn   | Place    | Note
-------+----------+-------------------------------------------
     0 | D:1      | FishyPogo the Draconian Transmuter began the quest for the
                  | Orb.
     0 | D:1      | Reached XP level 1. HP: 16/16 MP: 3/3
   297 | D:1      | Reached XP level 2. HP: 21/23 MP: 5/5
   344 | D:1      | Learned a level 2 spell: Sticks to Snakes
   675 | D:1      | Reached XP level 3. HP: 23/28 MP: 4/6
   680 | D:1      | Learned a level 3 spell: Spider Form
  1096 | D:2      | Found a basalt altar of Yredelemnul.
  1616 | D:3      | Reached skill level 3 in Transmutations
  1616 | D:3      | Reached skill level 1 in Poison Magic
  1616 | D:3      | Reached XP level 4. HP: 33/36 MP: 3/7
  1664 | D:3      | Reached XP level 5. HP: 7/42 MP: 3/8
  2758 | D:4      | Reached skill level 4 in Transmutations
  3036 | D:4      | Reached XP level 6. HP: 22/50 MP: 9/9
  3644 | D:5      | Entered Level 5 of the Dungeon
  4193 | D:5      | Found a radiant altar of Vehumet.
  4193 | D:5      | Found a hide-covered altar of Uskayaw.
  4194 | D:5      | Found a glowing golden altar of the Shining One.
  4194 | D:5      | Found a blossoming altar of Fedhas.
  4200 | D:5      | Found Canomuin's Gadget Shop.
  4201 | D:5      | Became a worshipper of Vehumet
  4238 | D:5      | Your scales start taking on a fiery red colour.
  4238 | D:5      | Reached XP level 7. HP: 53/57 MP: 10/10
  4238 | D:5      | Gained mutation: Your flesh is heat resistant. (rF+) [Red
                  | Draconian growth]
  4537 | D:5      | Learned a level 4 spell: Ice Form
  4590 | D:5      | Reached skill level 5 in Transmutations
  5529 | D:6      | Found an ancient bone altar of Kikubaaqudgha.
  5581 | D:6      | Reached skill level 5 in Unarmed Combat
  5594 | D:6      | Reached XP level 8. HP: 66/66 MP: 11/11
  5710 | D:6      | Found a staircase to the Ecumenical Temple.
  6027 | D:7      | Reached skill level 6 in Transmutations
  6097 | D:7      | Found a bloodstained altar of Trog.
  6097 | D:7      | Found an iron altar of Okawaru.
  6366 | D:7      | Reached * piety under Vehumet
  6366 | D:7      | Offered knowledge of Freeze by Vehumet.
  6498 | D:7      | Reached skill level 1 in Slings
  6791 | D:7      | Noticed a hippogriff
  6894 | D:7      | Killed a hippogriff
  7121 | D:8      | Found a staircase to the Lair.
  7180 | D:8      | Reached skill level 5 in Dodging
  7180 | D:8      | Reached XP level 9. HP: 69/73 MP: 10/12
  7254 | D:8      | Reached skill level 5 in Fighting
  7385 | D:8      | Noticed Grum
  7404 | D:8      | Reached skill level 7 in Transmutations
  7415 | D:8      | Killed Grum
  7428 | D:8      | Slain by a wolf

Skill      XL: |  1  2  3  4  5  6  7  8  9 |
---------------+----------------------------+-----
Dodging        | 2 3 5 |  5.4
Fighting       | 2 3 4 5 |  5.2
Transmutations | 3 4 5 6 7 |  7.2
Poison Magic   | 1 2 3 4 |  4.8
Unarmed Combat | 4 5 |  5.8
Slings         | 1 2 |  2.0
Spellcasting   | |  2.8

Action                   |  1- 3 |  4- 6 |  7- 9 || total
-------------------------+-------+-------+-------++-------
Melee: Unarmed           |   123 |   224 |   191 ||   538
       Kick              |     9 |     3 |     5 ||    17
       Punch             |     2 |     1 |       ||     3
       Tailslap          |     9 |    16 |    12 ||    37
       Headbutt          |     7 |    11 |     3 ||    21
 Fire: Hunting sling     |       |       |    65 ||    65
Throw: Stone             |     1 |    56 |       ||    57
       Tomahawk          |       |       |     2 ||     2
 Cast: Beastly Appendage |    16 |    19 |    10 ||    45
       Spider Form       |     2 |     6 |    13 ||    21
       Sticks to Snakes  |       |       |     3 ||     3
 Abil: Breathe Fire      |       |       |    11 ||    11
       End Transformatio |       |       |     1 ||     1
  Use: Scroll            |       |     5 |     2 ||     7
       Potion            |       |    11 |     2 ||    13
 Stab: Distracted        |     1 |     1 |       ||     2
       Sleeping          |     1 |       |       ||     1
  Eat: Chunk             |     3 |     9 |    11 ||    23
       Ration            |       |       |     1 ||     1
Armor: Skin              |    39 |    53 |    22 ||   114
Dodge: Dodged            |    73 |   135 |   184 ||   392
